Construct Section Command Post
Selects Heavy Armor Battlegroup
Construct Field Infirmary
Construct Platoon Command Post
Selects Engineer Detachments
Selects Forward Repair Assembly
Unlock M3 Stuart Light Tanks
6-pounder Anti-tank Gun Team
Unlock Bishop Self-propelled Artillery
Bishop Self-propelled Artillery
Bishop Self-propelled Artillery
Selects Churchill Black Prince Heavy Tank
Churchill Black Prince Heavy Tank